cohdb
Replays
Latest Replays
All Replays
Popular Replays
Top Player Replays
Match Explorer
How It Works
Community
CoH3 Stats
Reddit
Sign in to upload your games and track your stats! →
Sign in with Steam
Match 46060094
Unlisted
Match 46060094
Overview
Messages
Build Orders
End
Vickers Machine Gun Team
Construct Section Command Post
Selects Indian Artillery Battlegroup
Dingo Light Scout Car
Infantry Section
Infantry Section
Grenade Package
Selects Towed ML 4.2-inch Heavy Mortar
Towed ML 4.2-inch Heavy Mortar
Construct Platoon Command Post
Selects Valour
Royal Engineer Section
Humber Armored Car
Construct Field Infirmary
Selects Gurkha Rifles Section
Gurkha Rifles Section
Selects Off-map Airburst Barrage
Infantry Training
6-pounder Anti-tank Gun Team
Selects Perimeter Monitor
Gurkha Rifles Section
Off-map Airburst Barrage
Construct Company Command Post
Imperial NEDcoat
potatoo
☩Maxwell☩
机魂
灌江口揸fit人
pupil3030
0
0
Comments
sign in to comment!
No comments posted yet!